 Dungeon Crawl Stone Soup version 0.16-a0-2622-gbfab2ba (webtiles) character file.

1835 RobertPalmer the Chiller (level 9, 0/51 HPs)
             Began as an Octopode Ice Elementalist on Nov 21, 2014.
             Slain by a killer bee (10 damage)
             ... on level 7 of the Dungeon on Nov 22, 2014.
             The game lasted 00:35:27 (10834 turns).

RobertPalmer the Chiller (OpIE)                    Turns: 10834, Time: 00:35:28

Health: 0/51       AC:  1    Str:  7    XL:     9   Next: 11%
Magic:  14/14      EV: 13    Int: 17    God:
Gold:   325        SH:  0    Dex: 16    Spells: 3 memorised, 4 levels left

rFire  . . .     SeeInvis .     a - +0 trident (pierce)
rCold  . . .     Clarity  .     (no shield)
rNeg   + . .     SustAb   .     (helmet restricted)
rPois  .         Gourm    .     s - amulet of warding
rElec  .         Spirit   .     (no ring)
rCorr  .         Warding  +     (no ring)
rMut   .         Stasis   .     (no ring)
MR     .....                    (no ring)
Stlth  +++.......               (no ring)
                                (no ring)
                                (no ring)
                                (no ring)

@: lethally poisoned, not resistant to hostile enchantments, fairly stealthy
A: almost no armour, amphibious, 8 rings, constrict 8, camouflage 1, gelatinous
body 1
a: no special abilities


You were on level 7 of the Dungeon.
You were not hungry.

You visited 2 branches of the dungeon, and saw 8 of its levels.

You collected 325 gold pieces.


Innate Abilities, Weirdness & Mutations

You cannot wear most types of armour.
You are amphibious.
You can wear up to eight rings at the same time.
You can use your tentacles to constrict many enemies at once.
Your skin changes colour to match your surroundings (Stealth).
Your rubbery body absorbs attacks (AC +1).


   Skills:
 + Level 6.2 Polearms
 - Level 2.9 Dodging
 - Level 2.6 Stealth
 - Level 2.0 Spellcasting
   Level 1.0 Conjurations
 - Level 5.7 Summonings
 - Level 7.8 Ice Magic


You had 4 spell levels left.
You knew the following spells:

 Your Spells              Type           Power        Failure   Level  Hunger
a - Ozocubu's Armour      Chrm/Ice       ###.....     14%         3    ###....
x - Summon Ice Beast      Ice/Summ       ###.....     14%         4    #####..
z - Freeze                Ice            ####         1%          1    #......

Inventory:

Hand weapons
 a - a +0 trident of piercing (weapon)
 b - a +0 blowgun
Missiles
 v - 26 poisoned needles
Jewellery
 i - a cursed ring of teleportation
 j - a cursed ring of teleportation
 s - an amulet of warding (around mantle)
Magical devices
 k - a wand of digging (11)
 o - a wand of teleportation (0) {!d}
 y - a wand of confusion (15)
Scrolls
 e - a scroll of identify
 t - 2 scrolls of enchant weapon {unknown}
 w - a scroll of fear {unknown}
 z - a scroll of amnesia {unknown}
 B - a scroll of immolation {!r}
 C - a scroll of recharging {unknown}
Potions
 g - a potion of lignification {unknown}
 l - a potion of degeneration {unknown}
 m - a potion of heal wounds {unknown}
 n - 2 potions of might
 p - a potion of agility {unknown}
 r - 2 potions of brilliance {unknown}
 x - 2 potions of cure mutation {unknown}
Books
 u - a book of Frost
Comestibles
 c - 3 bread rations
 d - 6 fruits
 f - a meat ration

Dungeon Overview and Level Annotations

Branches:
Dungeon (7/15)             Temple (1/1) D:6

Altars:
Ashenzari
Cheibriados
Elyvilon
Gozag
Kikubaaqudgha
Makhleb
Nemelex Xobeh
Okawaru
Qazlal
Ru
Sif Muna
Trog
Vehumet
Xom
Zin
The Shining One

Annotations:
D:7 Eustachio

# ##. ##.#
#..# #..#
#..##
...####.y.####
........@yyy@#
......<#######
..... .... ...
.


You could see Eustachio and 4 killer bees.


Message History

Eustachio is too close now for your liking.
There is a stone staircase leading up here.
Read which item? (? for menu, Esc to quit)
Okay, then.
Evoke which item? (* to show all) (? for menu, Esc to quit)
Zapping:
o - a wand of teleportation {zapped: 5} {!d} (will waste charges) Nothing appears to happen.
The killer bee misses you.
The killer bee stings you but does no damage.
The killer bee misses you. x3
The killer bee stings you!
Read which item? (? for menu, Esc to quit)
Okay, then.
Drink which item? (? for menu, Esc to quit)
Okay, then.
Evoke which item? (* to show all) (? for menu, Esc to quit)
Okay, then.
The killer bee stings you. The killer bee barely misses you.
The killer bee stings you! The killer bee stings you.
* * * LOW HITPOINT WARNING * * *
You are poisoned.
The killer bee poisons you! The killer bee closely misses you.
You feel sick. The killer bee stings you.
* * * LOW HITPOINT WARNING * * *
The killer bee stings you!
* * * LOW HITPOINT WARNING * * *
The killer bee closely misses you.
You feel sick. The killer bee closely misses you.
Eustachio brags, "I can call spirits from the vasty deep."
The killer bee stings you!
You die...

Action                   |  1- 3 |  4- 6 |  7- 9 || total
-------------------------+-------+-------+-------++-------
Melee: Unarmed           |    66 |    80 |    15 ||   161
       Short sword       |       |       |    52 ||    52
       Trident           |       |       |   105 ||   105
 Fire: Blowgun           |       |    15 |    40 ||    55
 Cast: Freeze            |    37 |    49 |    44 ||   130
       Ozocubu's Armour  |       |       |     2 ||     2
       Summon Ice Beast  |       |       |    23 ||    23
Evoke: Wand              |       |       |    10 ||    10
  Use: Scroll            |     1 |     9 |     3 ||    13
       Potion            |       |       |     5 ||     5
 Stab: Sleeping          |     8 |     3 |     8 ||    19
       Distracted        |       |     1 |     2 ||     3
  Eat: Chunk             |     5 |     8 |    17 ||    30
       Bread ration      |       |       |     1 ||     1
       Beef jerky        |       |       |     1 ||     1
       Meat ration       |       |       |     1 ||     1
       Fruit             |       |       |     1 ||     1

Vault maps used:
D:1:      dpeg_arrival_signposts, st_stairs_7, tso_metal_star
D:2:      uniq_iyjb
D:3:      serial_co_window_serial, co_window_corner_a, co_window_corner_a,
          co_window_paths_b, co_window_of_opportunity_a, co_window_paths_a,
          co_window_paths_a, co_window_corner_a, co_window_broadway_c,
          co_window_corner_ca, co_window_cross_2, co_window_corner_cb,
          co_window_sun, first_bread
D:4:      grunt_temple_overflow_lords_of_destruction, corexii_leaking_fountain,
          xom_teletrap_fun, uniq_edmund
D:5:      basic_altar, ashenzari_altar_1, uniq_blork_the_orc, uniq_natasha,
          uniq_pikel
D:6:      nicolae_overflow_hidden_temple, minmay_temple_entry_butterflies
D:7:      serial_shops, shop_fountains, grunt_ogre_cave, uniq_menkaure,
          uniq_eustachio
Temple:   eino_temple_water_12

Notes
Turn   | Place    | Note
--------------------------------------------------------------
     0 | D:1      | RobertPalmer, the Octopode Ice Elementalist, began the quest for the Orb.
     0 | D:1      | Reached XP level 1. HP: 11/11 MP: 3/3
   456 | D:1      | Reached XP level 2. HP: 10/17 MP: 4/4
   882 | D:1      | Found a glowing golden altar of the Shining One.
  1086 | D:1      | Reached skill level 4 in Ice Magic
  1244 | D:1      | Reached XP level 3. HP: 17/21 MP: 3/6
  1952 | D:2      | Noticed Ijyb
  2146 | D:2      | Learned a level 3 spell: Ozocubu's Armour
  2253 | D:2      | Killed Ijyb
  2253 | D:2      | Reached XP level 4. HP: 19/27 MP: 1/7
  2395 | D:2      | Reached skill level 5 in Ice Magic
  3521 | D:3      | Reached XP level 5. HP: 26/31 MP: 6/9
  4068 | D:4      | Noticed Edmund
  4143 | D:4      | Noticed an ogre
  4168 | D:4      | Killed an ogre
  4168 | D:4      | Reached skill level 6 in Ice Magic
  4168 | D:4      | Reached XP level 6. HP: 36/36 MP: 8/10
  4411 | D:4      | Killed Edmund
  4411 | D:4      | Reached skill level 7 in Ice Magic
  4582 | D:4      | Found a shimmering altar of Xom.
  4634 | D:4      | Found a radiant altar of Vehumet.
  4635 | D:4      | Found a burning altar of Makhleb.
  4696 | D:4      | Reached XP level 7. HP: 22/41 MP: 10/12
  4965 | D:4      | Noticed a phantom
  5149 | D:5      | Entered Level 5 of the Dungeon
  5198 | D:5      | Noticed Pikel
  5633 | D:4      | Learned a level 4 spell: Summon Ice Beast
  5634 | D:5      | Noticed Natasha
  5923 | D:5      | Reached skill level 1 in Summonings
  6277 | D:5      | Noticed Blork the orc
  6538 | D:4      | Reached skill level 2 in Summonings
  6598 | D:4      | Killed Pikel
  6598 | D:4      | Reached skill level 5 in Summonings
  6598 | D:4      | Reached XP level 8. HP: 13/46 MP: 7/13
  6880 | D:5      | Killed Blork the orc
  6900 | D:5      | Killed Natasha
  7030 | D:5      | Noticed Natasha
  7034 | D:5      | Killed Natasha
  7158 | D:5      | Noticed Natasha
  7168 | D:5      | Killed Natasha
  7199 | D:5      | Found a white marble altar of Elyvilon.
  7219 | D:5      | Found a shattered altar of Ashenzari.
  7618 | D:6      | Found a staircase to the Ecumenical Temple.
  7628 | Temple   | Entered the Ecumenical Temple
  7798 | D:6      | Reached skill level 1 in Polearms
  7971 | D:6      | Found a glowing golden altar of the Shining One.
  8297 | D:6      | Reached skill level 2 in Polearms
  8414 | D:6      | Reached skill level 3 in Polearms
  9049 | D:6      | Reached skill level 4 in Polearms
  9838 | D:6      | Reached skill level 5 in Polearms
 10043 | D:7      | Noticed Eustachio
 10177 | D:6      | Reached XP level 9. HP: 41/51 MP: 5/14
 10558 | D:6      | Reached skill level 6 in Polearms
 10795 | D:6      | Upgraded the game from 0.16-a0-2581-g6f3a107 to 0.16-a0-2622-gbfab2ba
 10834 | D:7      | Slain by a killer bee

Vanquished Creatures
  Pikel (D:4)
  Edmund (D:4)
  2 slaves
  A phantom (D:6)
  An ogre (D:4)
  Blork the orc (D:5)
  2 giant frogs (D:6)
  A scorpion (D:5)
  A water moccasin skeleton (D:4)
  3 crimson imps
  An orc priest (D:6)
  A hound (D:6)
  An iguana (D:5)
  A giant frog skeleton (D:6)
  5 worker ants
  An orc wizard (D:6)
  Ijyb (D:2)
  A hound skeleton (D:2)
  Natasha (twice) (D:5)
  7 adders
  A shadow imp (D:6)
  A giant mite (D:6)
  A worm (D:6)
  An adder zombie (D:6)
  4 giant geckos
  2 oozes (D:3)
  20 orcs
  2 ball pythons
  4 giant cockroaches
  14 goblins
  12 hobgoblins
  9 jackals
  16 kobolds
  5 quokkas
  18 bats
  A giant gecko zombie (D:6)
  5 giant newts
  A quokka skeleton (D:4)
  8 rats
  A butterfly (D:6)
161 creatures vanquished.

Vanquished Creatures (collateral kills)
  An orc warrior (D:6)
  A giant frog (D:6)
  A scorpion (D:6)
  A wyvern skeleton (D:6)
  A jelly (D:6)
  2 orc priests (D:6)
  An orc wizard (D:6)
  3 gnolls (D:6)
  An adder skeleton (D:6)
  An orc (D:6)
  A goblin (D:6)
  A butterfly (D:6)
15 creatures vanquished.

Vanquished Creatures (others)
  2 slaves (D:5)
  An orc priest (D:5)
  6 ice beasts
  An orc wizard (D:5)
  Natasha (D:5)
  A worker ant (D:5)
  3 orcs (D:5)
  A hobgoblin (D:5)
  2 jackals (D:5)
  A giant spore (D:6)
19 creatures vanquished.

Grand Total: 195 creatures vanquished
